[Event "4th Tata Steel India Blitz Women 2022"]
[Site "Kolkota"]
[Date "2022.12.03"]
[Round "2.3"]
[White "Muzychuk, Anna"]
[Black "Muzychuk, Mariya"]
[Result "1/2-1/2"]
[ECO "C83"]
[WhiteElo "2525"]
[BlackElo "2528"]
[Annotator "TA"]
[PlyCount "99"]
[EventDate "2022.11.29"]
[EventType "tourn"]
[EventCountry "IND"]
[SourceTitle "playchess.com"]
[Source "ChessBase"]
[SourceQuality "1"]
[TimeControl "180+2"]

1. e4 e5 2. Nf3 Nc6 3. Bb5 a6 4. Ba4 Nf6 5. O-O Nxe4 6. d4 b5 7. Bb3 d5 8. dxe5 Be6 9. c3 Be7 10. Nbd2 Nc5 11. Bc2 d4 12. Nb3 {[%emt 0:00:18][%cal Rf3d4] C83: Open Ruy Lopez: 9 c3 Be7.} d3 13. Nxc5 (13. Bb1 $5 ) 13... dxc2 14. Qxd8+ {[%emt 0:00:01] White has an edge.} Rxd8 ({Don't do} 14... Bxd8 15. Nxe6 fxe6 16. Be3 $16) 15. Nxe6 fxe6 16. Be3 Rd5 17. Rac1 Nxe5 18. Nxe5 Rxe5 19. c4 b4 (19... Bc5 $5 ) 20. Rxc2 Kf7 21. Rd1 Rd8 22. Rxd8 Bxd8 $11 {[%emt 0:00:01][%mdl 4096] Endgame KRB-KRB} 23. Kf1 Bg5 24. Ba7 Be7 {[%emt 0:00:30] [#]} 25. g3 $146 ({Predecessor:} 25. Rd2 Ke8 26. Bd4 Ra5 27. Bxg7 Rxa2 28. Be5 a5 29. Ke2 Bd6 30. Bxd6 cxd6 31. b3 {0-1 (77) Sadhwani,R (2438)-Kaidanov,G (2544) Douglas 2018}) 25... Bc5 26. Bb8 Bb6 27. c5 $1 Rxc5 28. Rxc5 Bxc5 29. Bxc7 {[%emt 0:00:01] KB-KB} Bd4 30. b3 e5 31. f3 Ke6 {[%emt 0:00:01] Prevents Bd6.} 32. Ke2 Kd5 33. Kd3 h5 34. h3 Bf2 35. g4 hxg4 36. hxg4 g6 37. Ba5 Bc5 38. Bd8 Bf2 39. Be7 Be1 (39... Bc5 $1 $11 {remains equal.} 40. Bxc5 Kxc5) 40. Bf8 $1 $16 Bc3 $2 {[%emt 0:00:19][%mdl 8192] [#]} (40... a5 $16) 41. a3 $1 $18 a5 {[#]} 42. a4 $2 ({Only move:} 42. Be7 $1 $18) 42... Bd4 $11 {[%emt 0:00:02] The position is equal.} 43. Be7 {[%emt 0:00:07] Hoping for Bd8.} Bb6 {[%emt 0:00:01] Against Bd8} 44. Bh4 (44. Bg5 $5) 44... Bc7 $1 45. Bf2 Bd8 46. Be3 (46. Bg1 $5) 46... Bc7 $1 47. Ba7 Bd8 48. Bf2 (48. Bg1 $5) 48... Bc7 $1 49. Be3 Bd8 50. Bf2 {[%emt 0:00:02] Weighted Error Value: White=0.21 (precise) /Black=0.26 (precise)} 1/2-1/2

[Event "4th Tata Steel India Blitz Women 2022"]
[Site "Kolkota"]
[Date "2022.12.03"]
[Round "2.4"]
[White "Harika, Dronavalli"]
[Black "Kiolbasa, Oliwia"]
[Result "1/2-1/2"]
[ECO "A14"]
[WhiteElo "2507"]
[BlackElo "2406"]
[Annotator "TA"]
[PlyCount "84"]
[EventDate "2022.11.29"]
[EventType "tourn"]
[EventCountry "IND"]
[SourceTitle "playchess.com"]
[Source "ChessBase"]
[SourceQuality "1"]
[TimeControl "180+2"]

1. Nf3 d5 2. g3 Nf6 3. Bg2 e6 4. O-O Be7 5. c4 O-O 6. b3 c5 7. Bb2 d4 8. e3 Nc6 9. exd4 cxd4 10. Re1 Bc5 11. d3 {[%emt 0:00:04] A14: English Opening: 1...e6 with b3 by White.} Re8 12. Ba3 {[%emt 0:00:08] Against e5 is the legacy move (12.Ne5).} Bxa3 13. Nxa3 e5 14. Nc2 {[%emt 0:00:09] [#]} Qd6 $146 ({Predecessor:} 14... h6 15. b4 e4 16. dxe4 d3 17. Ne3 Nxb4 18. a3 Nc6 19. Nd5 Nxe4 20. Qxd3 Nc5 21. Rxe8+ Qxe8 22. Qc3 Qf8 23. Ne5 Nxe5 24. Qxe5 {½-½ (24) Demuth,A (2543)-Ly,M (2486) Adelaide 2017}) 15. b4 Bf5 (15... Nxb4 16. Nxb4 Qxb4 17. Nxe5 $16) (15... a6 $11) 16. b5 $14 Nd8 17. Nh4 {[%emt 0:00:15] Against h6} (17. Qe2 $5) 17... Bd7 18. Qd2 h6 19. Qb4 Qc7 20. Qd2 (20. Nf3 $11 {was preferrable.}) 20... Ne6 $15 21. Nb4 Nc5 (21... Rad8 $15) 22. h3 (22. f4 $11 {remains equal.}) 22... Rad8 23. Kh2 Be6 ({Black should play} 23... Bc8 $17 24. Kg1 e4 25. dxe4 Nfxe4) 24. Rac1 (24. f4 $11) 24... Qa5 (24... g5 25. Nf3 $14) (24... Bc8 $17) 25. Rxe5 $11 Nxd3 26. Qxd3 {[%emt 0:00:01] aiming for Nd5.} Qxb4 27. Bxb7 (27. Re2 $11) 27... Qb2 $2 {[%emt 0:00:04][%mdl 8192] [#]} (27... Nd7 $1 $17 {[%cal Rd7e5] keeps the pressure on.} 28. Rh5 Nc5 29. Rxc5 Qxc5) 28. Rc2 $1 $18 Qb1 {[%emt 0:00:09] [#]} 29. Bc6 ({Only move:} 29. Qd2 $1 $18) 29... Re7 $2 (29... Nd7 $16 30. Bxd7 Bxd7) 30. Rd2 $2 (30. Qd2 {Black must now prevent Re1.} a5 31. Qxa5 (31. bxa6 Qb8 $18)) 30... Qxd3 31. Rxd3 {[%emt 0:00:00] Threatens to win with c5.} Bxc4 (31... Rc7 $16) 32. Rxd4 ({Resist} 32. Rxe7 Bxd3 33. Nf3 (33. Rxa7 Be4 $16) 33... Rb8) 32... Rxd4 33. Rxe7 Rd2 34. Kg1 ({White should try} 34. Rxa7 $18 Rxf2+ 35. Kg1 Rf1+ 36. Kg2) 34... Rxa2 $11 35. Nf5 Rb2 (35... Be6 $11 36. g4 h5) 36. Rxa7 {[%emt 0:00:02] Black should prevent Rb7.} (36. Nd6 $5 Be6 37. g4 $14 (37. Rxa7 Bxh3 38. Ra8+ Kh7 $14)) 36... Bxb5 (36... Rb1+ $11 37. Kg2 Bf1+ 38. Kf3 Bxb5 39. Bxb5 Rxb5) 37. Ra8+ Kh7 38. Bxb5 Rxb5 39. Ne3 (39. Nd6 $14 Rd5 40. Nxf7) 39... Rb2 {[%emt 0:00:02] The position is equal.} 40. Rc8 Ne4 41. Rc2 Rxc2 42. Nxc2 Nd6 {[%emt 0:00:02] White really could win this.   Weighted Error Value: White=0.53/Black=0.59} 1/2-1/2

[Event "4th Tata Steel India Blitz Women 2022"]
[Site "Kolkota"]
[Date "2022.12.03"]
[Round "2.5"]
[White "Koneru, Humpy"]
[Black "Ushenina, Anna"]
[Result "1/2-1/2"]
[ECO "E14"]
[WhiteElo "2574"]
[BlackElo "2454"]
[Annotator "TA"]
[PlyCount "81"]
[EventDate "2022.11.29"]
[EventType "tourn"]
[EventCountry "IND"]
[SourceTitle "playchess.com"]
[Source "ChessBase"]
[SourceQuality "1"]
[TimeControl "180+2"]

1. d4 d5 2. c4 e6 3. Nf3 Nf6 4. e3 Be7 5. Nbd2 O-O 6. Bd3 c5 7. b3 cxd4 8. exd4 b6 9. Bb2 Bb7 10. O-O Nc6 11. Qe2 Rc8 12. Rac1 Re8 13. Rfd1 Bf8 14. Nf1 g6 {[%emt 0:00:16] E14: Queen's Indian: Classical Variation (4 e3).} 15. Ne5 Bh6 {[%emt 0:00:12][%cal Oc6d4] Strongly threatening ...Nxd4!} 16. Ne3 {[%emt 0:00:05] [#]} Nd7 $146 (16... Re7 $11) ({Predecessor:} 16... dxc4 17. bxc4 Nxe5 18. dxe5 Nd7 19. Ba3 Qg5 20. Be4 Bxe4 21. Rxd7 Bc6 22. Rxa7 Qxe5 23. Bb2 {1-0 (42) Urday Caceres,H (2480)-Sanchez Guirado,F (2335) Ponferrada 1992}) 17. Nxd7 (17. cxd5 {seems wilder.} exd5 18. Bb5 Ncxe5 19. Rxc8 Nf3+ 20. Qxf3 Qxc8 21. Ng4) 17... Qxd7 18. c5 bxc5 19. Rxc5 Nb4 (19... Bg7 $11) 20. Bb5 (20. Ng4 $5 Bg7 21. Bb5 $14) 20... Bc6 21. Ng4 Bg7 {[%emt 0:00:01] Inhibits Nf6+.} 22. Bxc6 Nxc6 23. Qe3 h5 24. Ne5 Nxe5 25. dxe5 Rxc5 26. Qxc5 Rc8 27. Qd4 (27. Qa5 $15) 27... Rc2 $17 28. Rc1 (28. Rb1 $17 {might work better.}) 28... Qc7 29. Rxc2 Qxc2 {[%emt 0:00:01][%mdl 4096] Endgame KQB-KQB} 30. h4 Qb1+ 31. Kh2 Qxa2 32. Qc3 {[%emt 0:00:02] [#]} (32. b4 $17) 32... Kh7 (32... Bf8 $142 {Threatens to win with ...a5.} 33. g3 a5) 33. f3 $2 (33. b4 {was the only defense.}) 33... Bh6 $19 34. Kg3 {[%emt 0:00:03] Against Bf4+} Qb1 35. Qd4 (35. Ba3) 35... Qc2 $2 (35... Qe1+ 36. Kh3 Be3) 36. b4 $2 (36. Ba3) 36... Bd2 {[%emt 0:00:27] [#] White must now prevent ...Qd1.} 37. Qxa7 Be1+ ({Not} 37... Qxb2 38. Qxf7+ Kh8 39. Qf8+ Kh7 40. Qf7+ Kh8 41. Qf8+ Kh7 42. Qf7+ $11) 38. Kh2 Qxb2 $2 (38... Kg7 $19 39. Bd4 Bxb4) 39. Qxf7+ $11 {[%emt 0:00:03] The position is equal.} Kh6 40. Qf8+ Kh7 41. Qf7+ {[%emt 0:00:01] Weighted Error Value: White=0.67/Black=0.70} 1/2-1/2

[Event "4th Tata Steel India Blitz Women 2022"]
[Site "Kolkota"]
[Date "2022.12.03"]
[Round "3.1"]
[White "Muzychuk, Mariya"]
[Black "Koneru, Humpy"]
[Result "1-0"]
[ECO "C54"]
[WhiteElo "2528"]
[BlackElo "2574"]
[Annotator "TA"]
[PlyCount "68"]
[EventDate "2022.11.29"]
[EventType "tourn"]
[EventCountry "IND"]
[SourceTitle "playchess.com"]
[Source "ChessBase"]
[SourceQuality "1"]
[TimeControl "180+2"]

1. e4 e5 2. Nf3 Nc6 3. Bc4 Bc5 4. c3 Nf6 5. d3 d6 6. O-O a5 7. a4 O-O 8. Bg5 {[%emt 0:00:01] 8.Bg5 was played by the boomers. C54: Giuoco Piano: 4 c3 Nf6, main lines with 5 d4 and 5 d3.} h6 9. Bh4 Ba7 (9... g5 $5 10. Bg3 Be6 $11) 10. Na3 {[%emt 0:00:02] White is slightly better.} Qe7 11. Nc2 {[%emt 0:00:03] [#]} Be6 $146 ({Predecessor:} 11... Nd8 12. Ne3 c6 13. Re1 Bxe3 14. fxe3 Be6 15. Nd2 Bxc4 16. Nxc4 Qe6 17. Bxf6 Qxf6 {1-0 (49) Rodrigue Lemieux,S (2160)-Duong,T (2175) Montreal 2018}) 12. Qe2 ({White should play} 12. Nd2 $11) 12... Bxc4 $15 13. dxc4 Qe6 14. Bxf6 Qxf6 15. Ne3 Bxe3 16. Qxe3 Qe6 17. b3 Ne7 18. Rad1 b6 19. h3 f5 20. exf5 $1 Nxf5 21. Qe4 Rae8 22. Rfe1 Qf6 23. Re2 Re7 ({Better is} 23... Ne7 $11) 24. b4 $14 Ref7 25. Qd5 (25. bxa5 $14 bxa5 26. c5) 25... Ne7 $15 26. Qe4 Ng6 {[%emt 0:00:02] Inhibits c5.} 27. Re3 Nf4 28. Rd2 g5 29. c5 h5 $2 {[%emt 0:00:16][%mdl 8192] [#] This move loses the game for Black.} (29... bxc5 $11 30. bxc5 Qe6) 30. cxd6 cxd6 31. Qc6 g4 $2 (31... d5 {is more resistant.} 32. Qxf6 (32. Nxe5 axb4 33. cxb4 Qxc6 $18) 32... Rxf6) 32. hxg4 hxg4 33. Rxd6 Qf5 34. Rxe5 ({Weaker is} 34. Nxe5 Nh3+ 35. Kh2 (35. gxh3 {leads to mate.} Qxf2+ 36. Kh1 Qf1+ 37. Kh2 Rf2+ 38. Kg3 Qxh3#) 35... Qf4+ 36. Rg3 Qxe5 $18) 34... Qh7 $2 {[%emt 0:00:05] Weighted Error Value: White=0.25 (precise) /Black=0.48} (34... Ne2+ 35. Rxe2 gxf3 36. Rg6+ Kh7 37. Rh6+ Kg8) 1-0

[Event "4th Tata Steel India Blitz Women 2022"]
[Site "Kolkota"]
[Date "2022.12.03"]
[Round "3.2"]
[White "Savitha Shri B"]
[Black "Muzychuk, Anna"]
[Result "1-0"]
[ECO "C82"]
[WhiteElo "2411"]
[BlackElo "2525"]
[Annotator "TA"]
[PlyCount "109"]
[EventDate "2022.11.29"]
[EventType "tourn"]
[EventCountry "IND"]
[SourceTitle "playchess.com"]
[Source "ChessBase"]
[SourceQuality "1"]
[TimeControl "180+2"]

1. e4 {[%emt 0:00:03] Giri,Anish} e5 2. Nf3 Nc6 3. Bb5 a6 4. Ba4 Nf6 5. O-O Nxe4 6. d4 b5 7. Bb3 d5 8. dxe5 Be6 9. c3 Bc5 10. Nbd2 O-O 11. Bc2 Nxf2 12. Rxf2 f6 13. Nf1 $1 {[%emt 0:00:02][%mdl 4] Be3 is the strong threat. is recently more successful than 13.exf6. C82: Open Ruy Lopez: 9 c3 without 9...Be7.} Bxf2+ 14. Kxf2 fxe5 15. Kg1 {[%emt 0:00:00][%cal Oc2h7] Hoping for Bxh7+! The position is equal.} Qd7 {[%emt 0:00:02] [#]} 16. Ne3 $146 {[%emt 0:00:04] Strongly threatening Ng5.} ({Predecessor:} 16. Bg5 Rae8 17. Qd2 d4 18. Ng3 h6 19. Bh4 dxc3 20. Qxc3 Rxf3 21. gxf3 Nd4 22. Bd1 {1-0 (39) Vachier Lagrave,M (2750)-Caruana,F (2786) Bucharest 2022 CBM 208 [Giri,Anish]}) 16... d4 (16... h6 $11) 17. Ng5 $16 dxe3 $2 {[%emt 0:00:08] [#]} (17... Kh8 $16) 18. Nxe6 $1 $18 {[%emt 0:00:28] Chess con chili.} Qxd1+ (18... Qxe6 $2 19. Bb3 $18 (19. Bxe3 $2 Na5 $19) (19. Bxe3 $2 Na5 $19)) 19. Bxd1 Rf7 20. Bxe3 Na5 21. a4 {[%emt 0:00:16] aiming for axb5.} Nc4 22. Bc5 {[%emt 0:00:00] And now axb5 would win.} Re8 23. axb5 axb5 24. Bf3 $2 h6 $2 (24... Rxe6 $2 25. Ra8+) (24... Rxf3 $11 25. Nxc7 Rc8 26. gxf3 Rxc7) 25. Bd5 Kh8 (25... c6 $142 26. Nc7 (26. Bxc6 Rxe6 27. Bd5 Ref6 $14) 26... cxd5 27. Nxe8 Nxb2) 26. b3 Nd2 27. Rd1 {[%emt 0:00:01] Inhibits c6.} c6 $2 (27... Rd7) 28. Bxc6 (28. Nd8 Rf1+ 29. Rxf1 Rxd8 $18) 28... Rxe6 29. Bd5 {[%emt 0:00:00] This pair of bishops is nice.} (29. Bxb5 Nxb3 30. Bb4 Rc7 $15) 29... Rd7 30. Bxe6 Nf3+ 31. gxf3 Rxd1+ 32. Kf2 Rd2+ 33. Kg3 Rd3 34. Bf5 {[%emt 0:00:10] Inhibits e4.} (34. Bb4 e4 35. Bg4 g6 $16) 34... Rxc3 35. b4 Kg8 36. Kg2 Kf7 37. Bd7 Rc2+ 38. Kg3 Rc3 39. Kg2 Rc2+ 40. Kg1 ({Resist} 40. Kg3 $6 g5 41. Bxb5 Kf6 $18) 40... Rc1+ 41. Kg2 (41. Kf2 $142) 41... Rc2+ 42. Kg3 Rc3 $1 43. Bc6 {[%emt 0:00:01] Against e4} Ke6 44. Kg4 ({Much less strong is} 44. Bxb5 $6 e4) 44... Rc4+ 45. Kg3 Rc3 $1 46. Kg4 ({But not} 46. Bxb5 $6 e4) 46... Rc4+ $1 47. Be4 Kf6 48. h4 g6 49. h5 g5 (49... gxh5+ $16 {was necessary.} 50. Kxh5 Rc1) 50. Bf8 Rc8 $2 (50... Rc1 $18 51. Bxh6 Rg1+ 52. Kh3 Rh1+ 53. Kg3 Rxh5) 51. Bxh6 {[%emt 0:00:04] White mates.} Rc4 52. Bxg5+ Kg7 53. h6+ Kg8 54. Kh5 Rc7 55. h7+ {[%emt 0:00:01] Weighted Error Value: White=0.52/Black=0.39} 1-0

[Event "4th Tata Steel India Blitz Women 2022"]
[Site "Kolkota"]
[Date "2022.12.03"]
[Round "3.3"]
[White "Ushenina, Anna"]
[Black "Harika, Dronavalli"]
[Result "1/2-1/2"]
[ECO "E62"]
[WhiteElo "2454"]
[BlackElo "2507"]
[Annotator "TA"]
[PlyCount "46"]
[EventDate "2022.11.29"]
[EventType "tourn"]
[EventCountry "IND"]
[SourceTitle "playchess.com"]
[Source "ChessBase"]
[SourceQuality "1"]
[TimeControl "180+2"]

1. Nf3 Nf6 2. g3 g6 3. Bg2 Bg7 4. O-O O-O 5. d4 d6 6. c4 Nc6 7. Nc3 e5 8. dxe5 dxe5 9. Bg5 h6 10. Qxd8 Rxd8 11. Bxf6 {[%emt 0:00:02] E62: King's Indian: Fianchetto: 6...c6 and Panno Variation (6...Nc6) without ...a6.} Bxf6 12. Nd5 Kg7 13. Nxc7 {[%emt 0:00:15] White is slightly better.} Rb8 14. Rad1 (14. e4 $14) 14... e4 $11 15. Nd2 Be5 16. Nd5 f5 17. b3 Be6 {[%emt 0:00:03] [#]} ({Black should try} 17... Nd4 $11) 18. Nf4 $146 ({Better is} 18. f3 $1 $14) ({Predecessor:} 18. f3 exf3 19. exf3 Bxd5 20. cxd5 Bd4+ 21. Kh1 Nb4 22. Nc4 Bf6 23. a4 Nxd5 24. f4 {½-½ (36) Vestby Ellingsen,M (2351)-Asis Gargatagli,H (2514) Escaldes 2022}) 18... Bxf4 19. gxf4 Nd4 $36 {[%emt 0:00:01][%mdl 2048] Black fights for an advantage.} 20. Rfe1 Nc2 {[%emt 0:00:09][%mdl 1024] Black has compensation.} 21. Rf1 Nd4 22. Rfe1 Nc2 23. Rf1 Nd4 {[%emt 0:00:09] Weighted Error Value: White=0.25 (precise) /Black=0.18 (very precise)} 1/2-1/2

[Event "4th Tata Steel India Blitz Women 2022"]
[Site "Kolkota"]
[Date "2022.12.03"]
[Round "3.4"]
[White "Vaishali, Rameshbabu"]
[Black "Kulkarni Bhakti"]
[Result "1-0"]
[ECO "D02"]
[WhiteElo "2454"]
[BlackElo "2359"]
[Annotator "TA"]
[PlyCount "47"]
[EventDate "2022.11.29"]
[EventType "tourn"]
[EventCountry "IND"]
[SourceTitle "playchess.com"]
[Source "ChessBase"]
[SourceQuality "1"]
[TimeControl "180+2"]

1. d4 {[%emt 0:00:03] Mekhitarian,Krikor Sevag} d5 2. Nf3 Nf6 3. Bf4 e6 4. e3 Bd6 5. Bg3 c5 6. Nbd2 O-O 7. c3 b6 8. Bd3 Bb7 9. Ne5 Nc6 10. f4 {[%emt 0:00:11] D02: 1 d4 d5 2 Nf3 sidelines, including 2...Nf6 3 g3 and 2...Nf6 3 Bf4.} Ne7 11. Qf3 {[%emt 0:00:47] Prevents Ne4. 11.Qb1 is more advanced technology.} Nf5 {[%emt 0:00:14] Inhibits Bh4.} 12. Bf2 {[%emt 0:00:15] The position is equal.} Be7 13. g4 Nd6 14. g5 Nfe4 {[%emt 0:00:02] [#]} 15. Bxe4 $146 (15. Qe2 $11) ({Predecessor:} 15. O-O-O c4 16. Bc2 b5 17. Qh3 b4 18. Nxe4 dxe4 19. Be1 Bd5 20. Rg1 b3 21. axb3 cxb3 {0-1 (31) Karjakin,S (2769)-Adams,M (2744) Wijk aan Zee 2016 CBM 171 [Mekhitarian,Krikor Sevag]}) 15... dxe4 $17 (15... Nxe4 16. Rg1 $15) 16. Qg4 cxd4 17. cxd4 Rc8 {[%emt 0:00:12] aiming for ...Ba6.} 18. h4 $2 (18. O-O $17) 18... Rc2 19. h5 b5 (19... Rxb2 20. g6 Qc8 21. h6 fxg6 22. hxg7 $17) ({Black should try} 19... Qc8 $19 {Threatens to win with ...Nf5.} 20. g6 h6 21. gxf7+ Nxf7) 20. g6 Qa5 {[%emt 0:00:08] Inhibits h6.} (20... Rxb2 21. h6 (21. gxf7+ $2 Nxf7 22. h6 g5 $19) 21... fxg6 22. Qxe6+ Rf7 23. O-O-O $11 (23. Nxf7 Nxf7 24. Rb1 Bd5 $17)) (20... Nf5 $19 {is more deadly.} 21. gxf7+ Rxf7 22. Nxf7 Kxf7) 21. Rd1 {[%emt 0:00:01] h6 is the strong threat.} Nc4 $4 {[%emt 0:00:11][%mdl 8192] [#] Against h6} (21... Qxa2 22. h6 (22. gxf7+ Rxf7 23. h6 g6 $11) 22... fxg6 23. hxg7 $16 (23. Qh3 $2 Rf5 $19)) (21... Nf5 $19 22. gxf7+ Rxf7) 22. gxf7+ $2 ({White must play} 22. h6 $1 $18 {Intending gxh7+ and mate.} Qxd2+ (22... gxh6 23. gxh7+) 23. Rxd2 Rc1+ 24. Ke2) 22... Kh8 {[%emt 0:00:01][%mdl 8192] [#]} (22... Rxf7 $11 23. Nxf7 Kxf7) 23. Ng6+ $1 hxg6 24. hxg6+ {[%emt 0:00:01] What a bad dream for Black.   Weighted Error Value: White=0.82/Black=0.63} 1-0

[Event "4th Tata Steel India Blitz Women 2022"]
[Site "Kolkota"]
[Date "2022.12.03"]
[Round "3.5"]
[White "Kiolbasa, Oliwia"]
[Black "Dzagnidze, Nana"]
[Result "1-0"]
[ECO "B92"]
[WhiteElo "2406"]
[BlackElo "2517"]
[Annotator "TA"]
[PlyCount "105"]
[EventDate "2022.11.29"]
[EventType "tourn"]
[EventCountry "IND"]
[SourceTitle "playchess.com"]
[Source "ChessBase"]
[SourceQuality "1"]
[TimeControl "180+2"]

1. e4 c5 2. Nf3 d6 3. d4 cxd4 4. Nxd4 Nf6 5. Nc3 a6 6. Be2 e5 7. Nb3 Be7 8. Bg5 Nbd7 9. a4 b6 10. Nd2 {[%emt 0:00:17] B92: Sicilian Najdorf: 6 Be2.} Bb7 11. Nc4 Qc7 12. f3 {[%emt 0:00:25] White is slightly better.} O-O 13. O-O (13. Qd2 $14) 13... Rfe8 ({Better is} 13... b5 $1 $11 14. axb5 axb5) 14. Ne3 $14 Rac8 15. Nf5 Bf8 {[%emt 0:00:03] [#]} 16. Qd2 $146 {[%emt 0:00:01] White has more active pieces.} ({Predecessor:} 16. Kh1 g6 17. Ne3 Be7 18. Bh6 Bf8 19. Bxf8 Kxf8 20. Bc4 Kg7 21. Ba2 Nc5 22. Qd2 {1-0 (49) Krysa,L (2527)-Gulkov,I (2358) Chess.com INT 2021}) 16... h6 17. Be3 Nc5 18. Rad1 Red8 19. Bf2 (19. Bc4 $1 $14 {stays ahead.}) 19... d5 $17 20. exd5 Nxd5 21. Nxd5 Rxd5 22. Qc1 Rxd1 23. Rxd1 Nxa4 24. c3 Nc5 25. Qd2 Ne6 26. Bd3 ({White should play} 26. Qd7 $15) 26... Rd8 27. Qe1 Bc5 28. Bc2 Rxd1 29. Bxd1 h5 30. Bc2 Bxf2+ 31. Qxf2 g6 32. Ng3 Qd6 33. Qe2 Nf4 34. Qe3 Kg7 35. Ne4 (35. Nf1 $17) 35... Bxe4 $19 36. fxe4 {[%emt 0:00:02][%mdl 4096] Endgame KQB-KQN} b5 37. g3 Ne6 38. Bb3 Qc5 39. Kf2 Qxe3+ 40. Kxe3 $17 {[%emt 0:00:01] KB-KN} Nc5 41. Bc2 {[%emt 0:00:03] [#]} (41. Bd5 $17) 41... a5 $2 (41... Na4 $1 $19 42. Bxa4 bxa4) 42. b4 axb4 43. cxb4 Nb7 (43... Ne6 $17 44. Bd3 Nd4) 44. Bb3 (44. Bd3 $15) 44... Nd6 45. Bd5 f5 (45... Ne8 $17 46. Bb3 Nc7) 46. exf5 $11 {[%emt 0:00:04] The position is equal.} gxf5 47. h4 Kf6 48. Bf3 Kg6 49. Bc6 Kf6 50. Bf3 Nc4+ 51. Ke2 Kg6 52. Bc6 Nd6 53. Ke3 {[%emt 0:00:01][%mdl 32768] White happily takes the draw.   Weighted Error Value: White=0.22 (precise) /Black=0.21 (precise) . Sensor Board Error (Ke4/e5)?} 1-0

[Event "4th Tata Steel India Blitz Women 2022"]
[Site "Kolkota"]
[Date "2022.12.03"]
[Round "4.1"]
[White "Muzychuk, Mariya"]
[Black "Savitha Shri B"]
[Result "1-0"]
[ECO "B25"]
[WhiteElo "2528"]
[BlackElo "2411"]
[Annotator "TA"]
[PlyCount "41"]
[EventDate "2022.11.29"]
[EventType "tourn"]
[EventCountry "IND"]
[SourceTitle "playchess.com"]
[Source "ChessBase"]
[SourceQuality "1"]
[TimeControl "180+2"]

1. e4 c5 2. Nc3 d6 3. g3 g6 4. Bg2 Bg7 5. d3 Nf6 6. f4 O-O {[%emt 0:00:02] is recently more successful than 6...Nc6.} 7. Nf3 Nc6 8. O-O e5 {[%emt 0:00:11] B25: Closed Sicilian: 3 g3, lines without early Be3.} (8... Rb8 $11 {was preferrable.}) 9. f5 $14 Qb6 ({Black should try} 9... gxf5 $14 10. exf5 h6) 10. Kh1 {[%emt 0:00:09] [#]} gxf5 $146 (10... h6 $14) ({Predecessor:} 10... Ne7 11. Nh4 gxf5 12. Nxf5 Nxf5 13. exf5 Qb4 14. Ne4 d5 15. Nxf6+ Bxf6 16. c3 Qb6 17. Bxd5 Rd8 18. c4 Bd7 19. Qh5 Be8 20. Bg5 Rd6 21. g4 Bc6 22. Qxf7+ {1-0 (22) Hannebauer,T (2154)-Zur,J (1848) Berlin 2005}) 11. Nh4 $16 f4 12. gxf4 Bg4 13. Qe1 Kh8 14. Qg3 (14. fxe5 $142 dxe5 15. Bg5) 14... Nd4 15. Rf2 (15. fxe5 $16 dxe5 16. Bg5 (16. Qxe5 Nxc2 17. Rb1 Nd4 $11) (16. Rxf6 Bxf6 17. Qxg4 Rg8 $16)) 15... Rg8 (15... exf4 $14 {is more appropriate.} 16. Qxf4 Bd7) 16. fxe5 dxe5 17. Bg5 $1 {[%emt 0:00:02] Strongly threatening Raf1.} ({Stronger than} 17. Qxe5 Nh5 18. Qg5 Bf6 19. Rxf6 Nxf6 $17) 17... h6 {[%emt 0:00:14] [#]} (17... Qxb2 $14 18. Rc1 Bh5) 18. Bxf6 (18. Ng6+ $1 $16 fxg6 19. Bxf6 Qxb2 20. Raf1 Qxc3 21. Qxg4) 18... Bxf6 $11 19. Nd5 $1 Bxh4 (19... Qxb2 $17 20. Rxf6 Qxa1+ 21. Rf1 Qxf1+ 22. Bxf1 {[#]} Bf3+ $1 23. Qxf3 Nxf3 24. Nxf3 Raf8) 20. Qxh4 $18 Qd8 21. Qxh6# {[%emt 0:00:02] Weighted Error Value: White=0.20 (precise) /Black=1.08} 1-0